 Dungeon Crawl Stone Soup version 0.24.1 (webtiles) character file.

Game seed: 9143772199285080101, levelgen mode: deterministic

38 Destapler the Skirmisher (level 3, -1/31 HPs)
             Began as a Demonspawn Chaos Knight on Apr 5, 2020.
             Was a Plaything of Xom.
             Slain by Natasha (7 damage)
             ... on level 2 of the Dungeon.
             The game lasted 00:01:14 (395 turns).

Destapler the Skirmisher (Demonspawn Chaos Knight)   Turns: 395, Time: 00:01:15

Health: -1/31      AC:  5    Str: 12    XL:     3   Next: 25%
Magic:  3/3        EV: 16    Int: 13    God:    Xom [..*...]
Gold:   56         SH:  0    Dex: 18    Spells: 2/2 levels left

rFire    . . .     SeeInvis .   a - +0 falchion (chaos)
rCold    + . .     Gourm    .   (no shield)
rNeg     . . .     Faith    .   b - +2 leather armour
rPois    .         Spirit   .   (helmet restricted)
rElec    .         Reflect  .   (no cloak)
rCorr    .         Harm     .   (no gloves)
MR       .....                  (no boots)
Stlth    ++........             (no amulet)
HPRegen  0.10/turn              (no ring)
MPRegen  0.08/turn              (no ring)

@: agile, slowed, very slow
A: antennae 1, cold resistance 1
a: Renounce Religion


You were on level 2 of the Dungeon.
You worshipped Xom.
You were a toy of Xom.
You were not hungry.

You visited 1 branch of the dungeon, and saw 2 of its levels.

You collected 56 gold pieces.

Inventory:

Hand Weapons
 a - a +0 falchion of chaos (weapon)
Armour
 b - a +2 leather armour (worn)
Scrolls
 e - 2 scrolls of identify {unknown}
 g - 2 scrolls of remove curse {unknown}
Potions
 f - a potion of curing {unknown}
 h - a potion of ambrosia {unknown}
Comestibles
 c - 2 rations
 d - 3 chunks of flesh


   Skills:
 + Level 4.4 Fighting
 - Level 2.6 Long Blades
 - Level 1.7 Armour
 - Level 0.8 Dodging


You had 2 spell levels left.
You didn't know any spells.
Your spell library was empty.

Dungeon Overview and Level Annotations

Branches:
Dungeon (2/15)

Altars:

Annotations:
D:2 Natasha


Innate Abilities, Weirdness & Mutations

You have a pair of small antennae on your head.
Your flesh is cold resistant. (rC+)


Message History

Found 15 gold pieces.
You see here a +0 club.
You miss Natasha.
Natasha is moderately wounded.
Natasha casts a spell.
Natasha stares at you and mumbles some strange words.
The magic dart hits you!
* * * LOW HITPOINT WARNING * * *
You barely miss Natasha.
Natasha is moderately wounded.
Natasha misses you.
You riposte.
You hit Natasha. You freeze Natasha.
Natasha is heavily wounded.
Natasha barely misses you.
You hit Natasha. You freeze Natasha.
Natasha is almost dead.
The shadow imp misses you.
You riposte.
You hit the shadow imp.
The shadow imp is poisoned.
The shadow imp is moderately wounded.
Natasha claws you!
You die...

#.......###.#
#...........# #........#
#......รท.##### ####
+..........#.. $..
###.......##.#.# ..
...........#.#$# .#
...##....###.#.##.######
..<...........!.@..%..$.
................h5#.....
##.#....####.####.# ...
#....))####.# .# .
#####).....<# ..
#.......#####.#
#..............
###?....######.# #####.#


You could see Natasha and a shadow imp.

Vanquished Creatures
  An ooze (D:1)
  A leopard gecko (D:1)
  3 orcs (D:2)
  3 giant cockroaches (D:1)
  2 hobgoblins
  2 kobolds (D:1)
  A ball python (D:1)
  A bat (D:2)
  4 goblins (D:1)
  15 rats
33 creatures vanquished.

Notes
Turn   | Place    | Note
-------+----------+-------------------------------------------
     0 | D:1      | Destapler the Demonspawn Chaos Knight began the quest for
                  | the Orb.
     0 | D:1      | Reached XP level 1. HP: 18/18 MP: 1/1
    24 | D:1      | Gained mutation: Your flesh is cold resistant. (rC+)
                  | [demonic ancestry]
    24 | D:1      | Reached XP level 2. HP: 22/24 MP: 2/2
    86 | D:1      | Reached skill level 4 in Fighting
   292 | D:1      | Gained mutation: You have a pair of small antennae on your
                  | head. [demonic ancestry]
   292 | D:1      | Reached XP level 3. HP: 30/30 MP: 3/3
   305 | D:1      | XOM: harmless Air miscast
   383 | D:2      | Noticed Natasha
   384 | D:2      | XOM: potion effect (agility)
   395 | D:2      | Slain by Natasha

Levels and vault maps discovered:
D:1:      erik_arrival_orb_chamber, layout_rooms
D:2:      layout_basic, lemuel_doored_altar, uniq_natasha, uniq_robin

Skill      XL: |  1  2 |
---------------+-------+-----
Fighting       | 4 |  4.4
Long Blades    | |  2.6
Armour         | |  1.7
Dodging        | |  0.8

Action                   || total
-------------------------++-------
Melee: Falchion          ||    79
Armor: Leather armour    ||    27
Dodge: Dodged            ||    53
       Rpst.: Falchion   ||    17
